 Dungeon Crawl Stone Soup version 0.25-a0-578-gc91f01c39c (webtiles) character file.

Game seed: 362812066838231471, levelgen mode: deterministic

10688 Flugslaktarn the Cleaver (level 11, 0/100 HPs)
             Began as a Deep Dwarf Fighter on Mar 4, 2020.
             Was a Priest of Makhleb.
             Killed from afar by Nergalle (40 damage)
             ... with a bolt of negative energy
             ... on level 11 of the Dungeon.
             The game lasted 00:04:30 (5853 turns).

Flugslaktarn the Cleaver (Deep Dwarf Fighter)       Turns: 5853, Time: 00:04:31

Health: 0/100      AC: 22    Str: 23    XL:     11   Next: 39%
Magic:  12/12      EV:  5    Int:  9    God:    Makhleb [***...]
Gold:   507        SH: 11    Dex: 12    Spells: 10/10 levels left

rFire    . . .     SeeInvis .   K - +2 broad axe
rCold    . . .     Gourm    .   c - +0 kite shield
rNeg     . . .     Faith    .   L - +5 plate armour of Tutiorr {rCorr}
rPois    +         Spirit   .   s - +2 hat
rElec    .         Reflect  .   (no cloak)
rCorr    +         Harm     .   g - +0 pair of gloves
MR       ++...                  F - +0 pair of boots
Stlth    ..........             i - amulet of the acrobat
HPRegen  0.00/turn              m - ring of protection from magic
MPRegen  0.13/turn              o - ring of poison resistance

@: non-regenerating, studying Invocations, heavily drained
A: damage resistance, heal wounds, sense surroundings 2, no regeneration
a: Heal Wounds, Minor Destruction, Lesser Servant of Makhleb, Renounce Religion


You were on level 11 of the Dungeon.
You worshipped Makhleb.
Makhleb was most pleased with you.
You were not hungry.

You visited 2 branches of the dungeon, and saw 12 of its levels.

You collected 507 gold pieces.

Inventory:

Hand Weapons
 a - a +0 war axe
 G - a +5 hand axe
   (You took it off a wight on level 8 of the Dungeon)
 K - a +2 broad axe (weapon)
   (You took it off an orc wizard on level 9 of the Dungeon)
Armour
 b - a +0 scale mail
 c - a +0 kite shield (worn)
 g - a +0 pair of gloves (worn)
   (You found it on level 1 of the Dungeon)
 n - a +0 chain mail
   (You found it on level 4 of the Dungeon)
 s - a +2 hat (worn)
   (You found it on level 4 of the Dungeon)
 F - a +0 pair of boots (worn)
   (You found it on level 8 of the Dungeon)
 L - the +5 plate armour of Tutiorr (worn) {rCorr}
   (You found it on level 9 of the Dungeon)

   It provides partial protection from all sources of acid and corrosion.
   If you remove this armour, your AC will decrease by 18 (22 -> 4).
Jewellery
 i - an amulet of the acrobat (around neck)
   (You found it on level 6 of the Dungeon)
 m - a ring of protection from magic (left hand)
   (You found it on level 5 of the Dungeon)
 o - a ring of poison resistance (right hand)
   (You found it on level 8 of the Dungeon)
Wands
 v - a wand of digging (7)
   (You found it on level 10 of the Dungeon)
 E - a wand of paralysis (5)
   (You found it on level 8 of the Dungeon)
 M - a wand of acid (2)
   (You took it off Maurice on level 9 of the Dungeon)
Scrolls
 f - 2 scrolls of fog
 l - 2 scrolls of magic mapping
 r - 2 scrolls of identify
 t - a scroll of teleportation
 x - 8 scrolls of remove curse
 z - a scroll of blinking
Potions
 d - 2 potions of might
 j - 2 potions of berserk rage
 p - 3 potions of degeneration
 q - 6 potions of curing
 w - 3 potions of heal wounds
 A - a potion of flight
 C - a potion of magic
 J - 2 potions of lignification
 N - a potion of brilliance
 O - a potion of ambrosia
Books
 y - a manual of Invocations
   (You found it on level 6 of the Dungeon)
Comestibles
 e - 25 rations
 h - 9 chunks of flesh


   Skills:
 + Level 7.6(5.4) Fighting
 * Level 11.9(9.5) Axes
 + Level 9.0(6.8) Armour
 + Level 9.1(6.9) Shields
 + Level 10.3(8.0) Invocations


You had 10 spell levels left.
You didn't know any spells.
Your spell library was empty.

Dungeon Overview and Level Annotations

Branches:
Dungeon (11/15)            Temple (1/1) D:6            Lair (0/6) D:11
    Orc (0/2) D:11

Altars:
Ashenzari
Cheibriados
Dithmenos
Elyvilon
Fedhas
Gozag
Hepliaklqana
Kikubaaqudgha
Makhleb
Nemelex Xobeh
Okawaru
Qazlal
Ru
Sif Muna
Trog
Uskayaw
Vehumet
Wu Jian
Yredelemnul
Zin
The Shining One

Portals:
Sewer: D:5

Annotations:
D:9 2 transporters, Hitwebbaa's ghost, novice MiFi
D:11 Nergalle


Innate Abilities, Weirdness & Mutations

You are resistant to damage.
You can heal yourself by infusing magical energy.
You passively map the area around you.
You do not regenerate.


Message History

There is an open door here.
You open the door.
There is an open door here.
Some of the chunks of flesh in your inventory have rotted away.
There is an open door here.
There is an open door here.
You open the door.
There is an open door here.
Nergalle the Soulbinder comes into view.
She is wielding a +1 dagger of venom.
Nergalle is nearby!
Nergalle gestures at you while chanting.
The bolt of negative energy hits you!!!
You feel drained.
You hit Nergalle but do no damage.
Nergalle points at you and mumbles some strange words.
The bolt of negative energy hits you!
You feel drained.
You closely miss Nergalle. Nergalle completely misses you.
Your shield and plate armour of Tutiorr prevent you from hitting Nergalle.
Nergalle points at you and mumbles some strange words.
The bolt of negative energy hits you!!!
You feel drained.
You die...

, * , , * ** ,,, * ** ** * , ,
* , *#### * * * *+* *...#### *
*, ##..#...≈.., ..##. ##
#.....#...#....##. #. *
####@o..##.P.##...##.
##.#####.....#...PPP...#.#..
###.....#..##..#≈..P>PP.≈#.#..
........#.###..#...PPP...#....
#.......# #....##PPP##.(....
#.....### #.....#...#....#..
#.....# #...#...≈...#.....
#.....# ##...#######......
######.## #.##### ##...##


You could see Nergalle.

Vanquished Creatures
  Erica (D:9)
  A two-headed ogre (D:9)
  Pikel (D:5)
  Joseph (D:10)
  Maurice (D:9)
  A centaur skeleton (D:10)
  2 trolls (D:11)
  3 hornets (D:9)
  2 hippogriffs
  6 yaks
  Grum (D:10)
  A hungry ghost (D:10)
  Menkaure (D:5)
  An acid dragon (D:11)
  Duvessa (D:7)
  A slave (D:5)
  5 orc warriors
  A black bear (D:10)
  2 sky beasts (D:11)
  2 necrophages
  2 ice beasts
  7 ogres
  2 wolves (D:10)
  4 centaurs
  A crocodile (D:7)
  A big kobold (D:9)
  4 bullfrogs
  Dowan (D:7)
  A wyvern skeleton (D:7)
  2 scorpions
  14 killer bees
  5 wights (D:8)
  4 howler monkeys
  2 crimson imps
  A quasit (D:6)
  4 jellies
  A centaur zombie (D:6)
  5 hounds
  5 orc priests
  12 orc wizards
  2 bullfrog skeletons
  Ijyb (D:5)
  4 iguanas
  5 worker ants
  3 worker ant zombies
  3 gnolls (D:5)
  A howler monkey skeleton (D:6)
  14 adders
  A shadow imp (D:9)
  An adder skeleton (D:7)
  A worm (D:4)
  2 dart slugs
  5 leopard geckos
  45 orcs
  2 giant cockroaches
  4 hobgoblins
  4 jackals
  2 quokkas
  2 ball pythons
  2 frilled lizards
  3 goblins
  A quokka skeleton (D:6)
221 creatures vanquished.

Vanquished Creatures (others)
  5 fungi (D:10)
5 creatures vanquished.

Grand Total: 226 creatures vanquished

Notes
Turn   | Place    | Note
-------+----------+-------------------------------------------
     0 | D:1      | Flugslaktarn the Deep Dwarf Fighter began the quest for the
                  | Orb.
     0 | D:1      | Reached XP level 1. HP: 20/20 MP: 1/1
    58 | D:2      | Reached XP level 2. HP: 27/27 MP: 2/2
   186 | D:3      | Reached skill level 3 in Axes
   186 | D:3      | Reached XP level 3. HP: 33/33 MP: 3/3
   212 | D:4      | Noticed an ogre
   215 | D:4      | Killed an ogre
   215 | D:4      | Reached skill level 4 in Axes
   215 | D:4      | Reached XP level 4. HP: 39/42 MP: 4/4
   215 | D:4      | Reached XP level 5. HP: 46/49 MP: 5/5
   347 | D:4      | Noticed an ogre
   360 | D:4      | Killed an ogre
   360 | D:4      | Reached XP level 6. HP: 38/56 MP: 6/6
   570 | D:4      | Reached skill level 5 in Axes
   769 | D:5      | Entered Level 5 of the Dungeon
   815 | D:5      | Noticed a slave
   817 | D:5      | Noticed a slave
   817 | D:5      | Noticed a slave
   817 | D:5      | Noticed a slave
   817 | D:5      | Noticed Pikel
   831 | D:5      | Killed a slave
   841 | D:5      | Killed Pikel
   841 | D:5      | Reached skill level 6 in Axes
   841 | D:5      | Reached skill level 5 in Armour
   841 | D:5      | Reached skill level 5 in Shields
   841 | D:5      | Reached XP level 7. HP: 64/66 MP: 7/7
   853 | D:5      | Noticed Menkaure
   860 | D:5      | Killed Menkaure
   860 | D:5      | Reached XP level 8. HP: 41/73 MP: 8/8
   919 | D:5      | Reached skill level 7 in Axes
   975 | D:5      | Noticed Ijyb
   989 | D:5      | Killed Ijyb
  1082 | D:5      | Found a glowing drain.
  1477 | D:6      | Reached skill level 5 in Fighting
  1648 | D:6      | Reached skill level 8 in Axes
  1701 | D:6      | Found a staircase to the Ecumenical Temple.
  1719 | Temple   | Entered the Ecumenical Temple
  1882 | Temple   | Became a worshipper of Makhleb the Destroyer
  2117 | D:6      | Reached skill level 1 in Invocations
  2118 | D:6      | Gained mutation: You passively map the area around you.
                  | [Deep Dwarf growth]
  2118 | D:6      | Reached XP level 9. HP: 51/81 MP: 8/8
  2381 | D:7      | Found an iron altar of Okawaru.
  2400 | D:7      | Noticed Duvessa
  2401 | D:7      | Noticed Dowan
  2414 | D:7      | Killed Duvessa
  2414 | D:7      | Killed Dowan
  2741 | D:7      | Reached skill level 9 in Axes
  2775 | D:7      | Reached * piety under Makhleb
  2805 | D:7      | Found a sparkling altar of Nemelex Xobeh.
  3234 | D:8      | Found a radiant altar of Vehumet.
  3558 | D:8      | Reached skill level 5 in Invocations
  3992 | D:9      | Reached XP level 10. HP: 84/92 MP: 12/12
  4004 | D:9      | Reached skill level 10 in Axes
  4038 | D:9      | Paralysed by a hornet for 3 turns
  4043 | D:9      | Paralysed by a hornet for 3 turns
  4059 | D:9      | Got a warped plate armour
  4070 | D:9      | Identified the +5 plate armour of Tutiorr {rCorr} (You
                  | found it on level 9 of the Dungeon)
  4084 | D:9      | Found a transporter.
  4087 | D:9      | Noticed Hitwebbaa's ghost (novice MiFi)
  4087 | D:9      | Noticed a moth of wrath
  4090 | D:9      | Noticed a fire dragon
  4099 | D:9      | Found a transporter.
  4146 | D:9      | Paralysed by a hornet for 2 turns
  4167 | D:9      | Noticed Maurice
  4169 | D:9      | Reached ** piety under Makhleb
  4203 | D:9      | Killed Maurice
  4235 | D:9      | Noticed a two-headed ogre
  4255 | D:9      | Paralysed by a hornet for 2 turns
  4282 | D:9      | Killed a two-headed ogre
  4465 | D:9      | Noticed Erica
  4477 | D:9      | Killed Erica
  4477 | D:9      | Reached skill level 11 in Axes
  4738 | D:10     | Entered Level 10 of the Dungeon
  4904 | D:10     | Noticed Joseph
  4924 | D:10     | Killed Joseph
  4924 | D:10     | Reached XP level 11. HP: 75/100 MP: 11/11
  5090 | D:10     | Found Qonupom's General Store.
  5141 | D:10     | Found a blossoming altar of Fedhas.
  5211 | D:10     | Reached *** piety under Makhleb
  5277 | D:10     | Noticed Grum
  5306 | D:10     | Killed Grum
  5609 | D:11     | Reached skill level 10 in Invocations
  5744 | D:11     | Found a staircase to the Orcish Mines.
  5780 | D:11     | Found a staircase to the Lair.
  5847 | D:11     | Noticed Nergalle
  5853 | D:11     | Killed from afar by Nergalle

Levels and vault maps discovered:
D:1:      saegor_arrival_simple_b, layout_rooms
D:2:      layout_rooms, uniq_robin, uniq_sigmund
D:3:      layout_basic, lemuel_round_altar, first_ration, grunt_dithmenos_smoke,
          uniq_crazy_yiuf_cottage
D:4:      layout_cave_pools, minmay_close_crescents
D:5:      layout_rooms, gup_sewer_entry_glass, kennysheep_minor_cross,
          uniq_pikel, uniq_ijyb, uniq_menkaure
D:6:      layout_basic, minmay_temple_entry_large_hall, minmay_manual_mares
D:7:      layout_basic, nicolae_overflow_crystal_walls,
          nemelex_xobeh_ov_fountains_minmay, eino_tiny_chamber,
          minmay_fractal_squares_5, uniq_duvessa
D:8:      layout_loops_ring, vehumet_crystals
D:9:      layout_loops_ring, gammafunk_ghost_berserking_beasts,
          blue_anna_alchemist [blue_anna_fruit_fields, blue_anna_fruit_fields],
          uniq_erica, uniq_maurice
D:10:     layout_roguey, serial_shops, nicolae_shop_waterfront, fedhas_altar_3,
          uniq_grum, uniq_joseph
D:11:     layout_roguey, dpeg_oklobed_lair, orc_0_dummy, uniq_nergalle
Temple:   dpeg_five_rooms_temple

Skill      XL: |  1  2  3  4  5  6  7  8  9 10 11 |
---------------+----------------------------------+-----
Axes           | 3 4 6 8 9 11 | 11.9
Fighting       | 3 4 5 6 7 |  7.6
Armour         | 4 5 6 7 8 9 |  9.0
Shields        | 4 5 6 7 8 9 |  9.1
Invocations    | 1 6 9 10 | 10.3

Action                   |  1- 3 |  4- 6 |  7- 9 | 10-12 || total
-------------------------+-------+-------+-------+-------++-------
Melee: War axe           |    42 |   111 |   351 |       ||   504
       Hand axe          |       |       |    68 |   304 ||   372
       Broad axe         |       |       |       |   121 ||   121
 Abil: Heal Wounds       |       |     3 |    13 |     8 ||    24
Evoke: Wand              |       |       |       |     2 ||     2
  Use: Scroll            |       |     4 |       |    20 ||    24
       Potion            |       |       |       |     1 ||     1
  Eat: Chunk             |       |       |    11 |     8 ||    19
Armor: Scale mail        |    16 |    14 |       |       ||    30
       Chain mail        |       |    40 |   224 |    12 ||   276
       Plate armour      |       |       |       |   204 ||   204
Dodge: Dodged            |     7 |    22 |    90 |    69 ||   188
Block: Kite shield       |    28 |    76 |   255 |   206 ||   565

Table legend:
 A = Non-vault XP
 B = Vault XP
 C = Vault XP percentage of total XP
 D = Non-vault monster count
 E = Vault monster count
 F = Vault count percentage of total count
                 A         B        C        D         E       F
            +---------+---------+-------+---------+---------+-------
      Total |   11412 |    3857 |  25.3 |     199 |      21 |   9.5
            +---------+---------+-------+---------+---------+-------
        D:1 |      11 |       0 |   0.0 |       5 |       0 |   0.0
        D:2 |      14 |       0 |   0.0 |       2 |       0 |   0.0
        D:3 |      61 |       0 |   0.0 |      10 |       0 |   0.0
        D:4 |     277 |     190 |  40.7 |      14 |       4 |  22.2
        D:5 |     406 |     859 |  67.9 |      20 |       3 |  13.0
        D:6 |     943 |     220 |  18.9 |      30 |       2 |   6.2
        D:7 |     797 |     262 |  24.7 |      16 |       5 |  23.8
        D:8 |     811 |       0 |   0.0 |      15 |       0 |   0.0
        D:9 |    3234 |    1430 |  30.7 |      32 |       3 |   8.6
       D:10 |    2293 |     896 |  28.1 |      30 |       4 |  11.8
       D:11 |    2565 |       0 |   0.0 |      25 |       0 |   0.0
            +---------+---------+-------+---------+---------+-------
